 Dungeon Crawl Stone Soup version 0.31-a0-1338-gb567cfdca4 (webtiles) character file.

Game seed: 15685430691689711917

115941 grandjackal the Eclecticist (level 16, -4/115 HPs)
             Began as a Vampire Earth Elementalist on Dec 23, 2023.
             Was the Champion of Vehumet.
             Slain by a torpor snail (18 damage)
             ... in a Gauntlet.
             The game lasted 01:40:55 (28582 turns).

grandjackal the Eclecticist (VpEE)                 Turns: 28582, Time: 01:40:56

Health: -4/115     AC: 14    Str:  7    XL:     16   Next: 19%
Magic:  7/35       EV: 12    Int: 24    God:    Vehumet [******]
Gold:   1374       SH:  7    Dex: 22    Spells: 5/45 levels left

rFire   + . .        d - +1 dagger (drain)
rCold   + + +        a - +1 buckler {rC+}
rNeg    . . .        Q - +2 robe {rC+ rF+}
rPois   .            U - +2 hat {Stlth+}
rElec   .            n - +2 cloak
rCorr   .            I - +1 pair of gloves
SInv    +            R - +2 pair of boots
Will    +....        m - amulet of regeneration
Stlth   +++++        x - +6 ring of dexterity
HPRegen 1.39/turn    O - ring of protection from cold
MPRegen 0.24/turn

%: no teleportation
@: spewing sludge, healing quickly, slowed, very slow
A: alive, fangs 3, see invisible, vampiric 2
a: Exsanguinate, Renounce Religion


You were in a Gauntlet.
You worshipped Vehumet.
Vehumet was exalted by your worship.
You visited 4 branches of the dungeon, and saw 22 of its levels.
You also visited: Bailey, Gauntlet and Ice Cave.

You collected 2140 gold pieces.
You spent 766 gold pieces at shops.

Inventory:

Hand Weapons
 d - a +1 dagger of draining (weapon)
 p - the +7 quarterstaff "Ymoh Eteogo" {freeze, Int+5 Dex+3}
   (You took it off a spriggan in a bailey)

   Int+5:     It affects your intelligence (+5).
   Dex+3:     It affects your dexterity (+3).
Missiles
 H - a throwing net
Armour
 a - a +1 buckler of cold resistance (worn)
 n - a +2 cloak (worn)
 I - a +1 pair of gloves (worn)
 N - a scarf of invisibility
 Q - a +2 robe of resistance (worn)
 R - a +2 pair of boots (worn)
 S - +0 shadow dragon scales
 U - a +2 hat of stealth (worn)
Magical Staves
 h - a staff of death
 i - a staff of earth
Jewellery
 g - a ring of willpower
 m - an amulet of regeneration (around neck)
 x - a +6 ring of dexterity (left hand)
 z - the ring "Jawotwu" {rPois Int+4}
   (You took it off a gnoll on level 5 of the Dungeon)

   [ring of poison resistance]

   Int+4:     It affects your intelligence (+4).
   rPois:     It protects you from poison
 D - an amulet of the acrobat
 E - a ring of ice
 L - a ring of positive energy
 O - a ring of protection from cold (right hand)
Wands
 c - a wand of polymorph (13)
 J - a wand of flame (44)
 M - a wand of iceblast (9)
 T - a wand of acid (7)
 V - a wand of digging (4)
Scrolls
 e - 5 scrolls of enchant weapon
 j - a scroll of immolation
 l - 9 scrolls of teleportation
 o - 3 scrolls of brand weapon
 q - 3 scrolls of enchant armour
 t - 6 scrolls of vulnerability
 u - a scroll of summoning
 B - a scroll of poison
 F - 3 scrolls of fear
 P - 4 scrolls of fog
 W - a scroll of torment
 X - a scroll of blinking
Potions
 b - a potion of berserk rage
 f - 4 potions of haste
 k - 2 potions of might
 r - 4 potions of brilliance
 s - 2 potions of enlightenment
 v - 4 potions of ambrosia
 w - 3 potions of mutation
 A - 3 potions of invisibility
 C - a potion of lignification
 G - 2 potions of heal wounds
 K - 11 potions of curing
 Y - a potion of resistance


   Skills:
 - Level 7.6 Fighting
 - Level 1.0 Short Blades
 - Level 2.1 Dodging
 - Level 7.0 Stealth
 - Level 4.1 Shields
 + Level 15.2 Spellcasting
 - Level 6.2 Conjurations
 - Level 10.0 Hexes
 - Level 3.5 Translocations
 + Level 6.6 Ice Magic
 + Level 8.0 Air Magic
 - Level 11.3 Earth Magic
 - Level 14.0 Alchemy


You had 5 spell levels left.
You knew the following spells:

 Your Spells              Type           Power      Damage    Failure   Level
a - Sandblast             Erth           100%       2d20      1%          1
b - Passwall              Alch/Erth      56%        N/A       1%          2
c - Lee's Rapid Deconstr  Erth           32%        3d16*     1%          5
d - Petrify               Alch/Erth      68%        N/A       1%          4
e - Brom's Barrelling Bo  Conj/Erth      57%        2d7       1%          4
f - Sigil of Binding      Hex            60%        N/A       1%          3
g - Mephitic Cloud        Conj/Alch/Air  59%        N/A       1%          3
h - Eringya's Noxious Bo  Alch           35%        4d6       1%          6
i - Irradiate             Conj/Alch      30%        3d21      1%          5
j - Blink                 Tloc           70%        N/A       1%          2
k - Freezing Cloud        Conj/Ice/Air   25%        6-21      2%          5

Your spell library contained the following spells:

 Spells                   Type           Power      Damage    Failure   Level
 Spellforged Servitor     Conj/Summ      16%        N/A       93%         7
 Magic Dart               Conj           100%       1d8       1%          1
 Slow                     Hex            100%       N/A       1%          1
 Ensorcelled Hibernation  Hex/Ice        100%       N/A       1%          2
 Lesser Beckoning         Tloc           70%        N/A       1%          2
 Momentum Strike          Conj/Tloc      82%        3d10      1%          2
 Static Discharge         Conj/Air       100%       3-8/arc   1%          2
 Confusing Touch          Hex            60%        N/A       1%          3
 Ozocubu's Armour         Ice            50%        N/A       1%          3
 Stone Arrow              Conj/Erth      100%       3d13      1%          3
 Swiftness                Air            54%        N/A       1%          3
 Airstrike                Air            27%        2d(4-20)  1%          4
 Gell's Gravitas          Tloc           35%        N/A       3%          3
 Teleport Other           Tloc           35%        N/A       3%          3
 Dimensional Bullseye     Hex/Tloc       25%        N/A       3%          4
 Silence                  Hex/Air        28%        N/A       3%          5
 Call Imp                 Summ           36%        N/A       8%          2
 Summon Lightning Spire   Summ/Air       37%        N/A       9%          4
 Manifold Assault         Tloc           35%        N/A       12%         4
 Passage of Golubria      Tloc           35%        N/A       12%         4
 Call Canine Familiar     Summ           18%        N/A       14%         3
 Fugue of the Fallen      Necr           18%        N/A       14%         3
 Vampiric Draining        Necr           18%        2d7       14%         3
 Summon Forest            Summ/Tloc      13%        N/A       54%         5
 Lehudib's Crystal Spear  Conj/Erth      28%        10d8      88%         8
 Summon Hydra             Summ           9%         N/A       100%        7


Dungeon Overview and Level Annotations

Branches:
Dungeon (14/15)            Temple (1/1) D:5            Lair (5/5) D:8
  Swamp (0/4) Lair:3       Spider (0/4) Lair:2        Slime (0/5) Lair:4
    Orc (2/2) D:12            Elf (0/3) Orc:2        Bailey (visited)
  IceCv (visited)         Gauntlet (1/1)
 Vaults: D:13-14

Altars:
Ashenzari
Cheibriados
Dithmenos
Fedhas
Gozag
Hepliaklqana
Kikubaaqudgha
Makhleb
Nemelex Xobeh
Okawaru
Qazlal
Ru
Sif Muna
Trog
Uskayaw
Vehumet
Wu Jian
Xom
Yredelemnul
Jiyva

Shops:
D:10 *   D:12 (   Orc:1 ?   Orc:2 *[*(

Annotations:
D:9 2 runed translucent doors, DApurpleWHUMPUS's ghost, journeyman HuCj
D:13 1 runed translucent door, Qaumasil's ghost, journeyman MiFi Gauntlet 8 transporters, 2 runed translucent doors


Innate Abilities, Weirdness & Mutations

Your natural rate of healing is accelerated.
You have razor-sharp teeth.
You have supernaturally acute eyesight. (SInv)
You are afflicted with vampirism and can become a bat while bloodless.


Message History

You block the five-headed hydra's attack.
The five-headed hydra barely misses you. x2
The torpor snail bites you!
You block the five-headed hydra's attack.
The five-headed hydra bites you but does no damage. x2
The five-headed hydra barely misses you.
The five-headed hydra bites you but does no damage.
The torpor snail bites you!
* * * LOW HITPOINT WARNING * * *
Casting: Sandblast (safe; 1% risk of failure)
Confirm with . or Enter, or press ? or * to list all spells.
Aiming: Sandblast (safe; 1% risk of failure)
Press: ? - help, Shift-Dir - straight line, f - five-headed hydra, p - torpor snail
Aim: a five-headed hydra (almost dead, lightly drained, 95% to hit)
The blast of sand hits the five-headed hydra!!
You kill the five-headed hydra!
Vehumet accepts your kill.
You feel your power returning. The torpor snail bites you.
* * * LOW HITPOINT WARNING * * *
Your Air Magic skill increases to level 8!
Unknown command.
Unknown command.
Casting: Sandblast (safe; 1% risk of failure)
Confirm with . or Enter, or press ? or * to list all spells.
Aiming: Petrify (safe; 1% risk of failure)
Press: ? - help, Shift-Dir - straight line, f - torpor snail
Aim: a torpor snail (moderately wounded, chance to affect: 28%)
The torpor snail easily resists.
The torpor snail bites you!
* * * LOW HITPOINT WARNING * * *
Unknown command.
Okay, then.
Casting: Petrify (safe; 1% risk of failure)
Confirm with . or Enter, or press ? or * to list all spells.
Casting: Eringya's Noxious Bog (dangerous; 1% risk of failure)
Press: ? - help, Dir - look around, f - activate You spew toxic sludge!
The torpor snail festers in the toxic bog!
The torpor snail looks as sick as possible!
The torpor snail bites you!!
You die...

#≈......#..'''###...≈≈≈≈≈...#.###
≈≈.PPP♣.#..#.#..#..P#≈#≈#...#.###
#≈......#..#©#..#....PP.P. ..©
##..♣.#############...♣... ###
#≈....#©....©....©#....... ..©
≈≈.###################.### ###
#≈.#.##.##h#.#.......#.### ##.
##.##..#.E##.#.#####.#.###...###.
#≈.##.##.###.#.'@..'.#.#..##+.2#.
≈≈.#.#.©#RE#.#.#.w.#.#.#..#©#..#.
#≈.###.##.##.#.#≈≈≈#.#.#2[+##.h#.
##.#○.#.°#h#.#.#####.#.###.!?###.
#≈.#)##©##!#.#.[?©)..#.####©####.
≈≈.#########.#########.#########.
#≈...............................
##.P♣P..♣..P♣...♣P.........P♣P..♣
#≈................P...∩..........


You could see a torpor snail (extremely poisoned), an efreet, a fire elemental
and 2 hell hounds.

Vanquished Creatures
  A sphinx (D:13)
  A tengu reaver (D:13)
  A shadow dragon (D:13)
  A stone giant (D:13)
  Snorg (Lair:5)
  A fire dragon (D:13)
  Erolcha (Orc:2)
  9 hydras
  5 centaur warriors
  11 boulder beetles
  4 two-headed ogres
  3 death yaks (Lair:5)
  An orc high priest (Orc:1)
  Sonja (Orc:2)
  Urug (Orc:2)
  A skyshark (Lair:4)
  A skeletal warrior (D:12)
  A necromancer (IceCv)
  A deep elf archer (D:13)
  3 deep elf pyromancers
  7 orc knights
  A swamp dragon (Lair:3)
  4 lindwurms
  A harpy (shapeshifter) (D:13)
  11 cyclopes
  8 ugly things
  6 orc sorcerers (Orc:2)
  4 manticores
  2 ice statues
  19 elephants
  4 centaur zombies (D:10)
  A kobold blastminer (Orc:2)
  7 black mambas
  3 torpor snails
  3 gargoyles
  2 unseen horrors
  11 cane toads
  6 kobold demonologists
  An unseen horror zombie (D:10)
  An efreet (D:13)
  13 komodo dragons
  5 rime drakes
  7 freezing wraiths (IceCv)
  9 ice devils (IceCv)
  An anaconda simulacrum (IceCv)
  9 trolls
  2 meliai
  19 blink frogs
  3 polar bears
  6 dream sheep
  Prince Ribbit (D:6)
  A meliai zombie (D:10)
  13 slime creatures
  4 wraiths
  6 shadows
  A vampire (D:13)
  4 spriggans (Bailey)
  66 yaks
  5 wyverns
  A dire elephant simulacrum (IceCv)
  9 basilisks
  14 wargs
  12 vampire mosquitoes
  4 death yak simulacra (IceCv)
  6 steam dragons
  4 acid dragons
  3 hydra simulacra (IceCv)
  15 water moccasins
  2 swamp drakes
  27 orc warriors
  A sky beast (D:7)
  4 black bears
  3 ice beasts
  A tengu (shapeshifter) (D:13)
  18 wolves
  8 ogres
  A wolf (shapeshifter) (D:12)
  5 centaurs
  6 kobold brigands
  11 bullfrogs
  4 scorpions
  A gnoll sergeant (D:7)
  3 small abominations (Gauntlet)
  5 cane toad simulacra (IceCv)
  9 wights
  A two-headed ogre simulacrum (IceCv)
  26 killer bees
  5 elephant simulacra (IceCv)
  An electric eel (Lair:2)
  3 howler monkeys
  A crimson imp (Orc:2)
  4 jellies
  3 hounds
  9 orc priests
  An iron imp (Orc:2)
  5 iguanas
  31 orc wizards
  5 hell rats (Lair:5)
  2 polar bear simulacra (IceCv)
  2 troll simulacra (IceCv)
  4 wolf simulacra (IceCv)
  2 spriggan simulacra (IceCv)
  4 howler monkey zombies (D:10)
  11 adders
  6 gnolls
  A naga simulacrum (IceCv)
  2 shadow imps
  2 white imps
  3 bombardier beetles (D:4)
  2 ufetubi (D:6)
  5 dart slugs
  79 orcs
  4 endoplasms
  6 giant cockroaches
  8 goblins
  9 hobgoblins
  A jackal (D:4)
  22 kobolds
  2 quokkas
  17 ball pythons
  6 bats
  8 frilled lizards
  7 rats
  A spectral orc (D:7)
814 creatures vanquished.

Vanquished Creatures (collateral kills)
  2 boulders (IceCv)
2 creatures vanquished.

Vanquished Creatures (others)
  A yak (Lair:3)
  An orc priest (Orc:2)
  An orc (Orc:2)
  3 boulders
6 creatures vanquished.

Grand Total: 822 creatures vanquished

Notes
Turn   | Place    | Note
-------+----------+-------------------------------------------
     0 | D:1      | grandjackal the Vampire Earth Elementalist began the quest
                  | for the Orb.
     0 | D:1      | Reached XP level 1. HP: 13/13 MP: 3/3
   123 | D:1      | Reached XP level 2. HP: 19/19 MP: 3/5
   126 | D:1      | Learned a level 2 spell: Passwall
   356 | D:1      | Reached skill level 1 in Short Blades
   769 | D:2      | Gained mutation: You are afflicted with vampirism and can
                  | become a bat while bloodless. [Vampire growth]
   769 | D:2      | Reached XP level 3. HP: 24/24 MP: 1/6
  1502 | D:2      | Reached XP level 4. HP: 30/30 MP: 5/7
  1952 | D:3      | Reached skill level 5 in Stealth
  1952 | D:3      | Reached XP level 5. HP: 35/35 MP: 4/8
  2376 | D:3      | Found a faded altar of an unknown god.
  2729 | D:4      | Noticed a water moccasin
  2731 | D:4      | Reached skill level 3 in Spellcasting
  2736 | D:4      | Killed a water moccasin
  2737 | D:4      | Reached XP level 6. HP: 28/41 MP: 6/10
  2774 | D:4      | Learned a level 3 spell: Stone Arrow
  2779 | D:4      | Learned a level 4 spell: Petrify
  3228 | D:4      | Reached XP level 7. HP: 46/46 MP: 10/12
  3522 | D:4      | Found a snail-covered altar of Cheibriados.
  4004 | D:5      | Entered Level 5 of the Dungeon
  4006 | D:5      | Found a staircase to the Ecumenical Temple.
  4017 | Temple   | Entered the Ecumenical Temple
  4028 | Temple   | Became a worshipper of Vehumet
  4053 | D:5      | Reached skill level 5 in Earth Magic
  4100 | D:5      | Reached skill level 4 in Spellcasting
  4369 | D:5      | Found a broken altar of Ashenzari.
  4378 | D:5      | Reached skill level 5 in Alchemy
  4436 | D:5      | Identified the ring "Jawotwu" {rPois Int+4}
  4667 | D:6      | Noticed a steam dragon
  4782 | D:6      | Killed a steam dragon
  4783 | D:6      | Reached XP level 8. HP: 30/52 MP: 11/15
  4784 | D:6      | Noticed Prince Ribbit
  4794 | D:6      | Killed Prince Ribbit
  4795 | D:6      | Reached skill level 5 in Spellcasting
  4877 | D:6      | Noticed a troll
  4884 | D:6      | Killed a troll
  5253 | D:6      | Reached * piety under Vehumet
  5253 | D:6      | Offered knowledge of Sting by Vehumet.
  5254 | D:6      | Reached skill level 6 in Spellcasting
  5254 | D:6      | Reached XP level 9. HP: 57/57 MP: 14/18
  5260 | D:6      | Learned a level 4 spell: Brom's Barrelling Boulder
  5298 | D:6      | Learned a level 3 spell: Sigil of Binding
  5458 | D:6      | Reached skill level 1 in Hexes
  5885 | D:7      | Found a flagged portal.
  5897 | Bailey   | Entered a bailey
  6006 | Bailey   | Noticed a two-headed ogre
  6016 | Bailey   | Killed a two-headed ogre
  6017 | Bailey   | Reached skill level 7 in Spellcasting
  6017 | Bailey   | Reached skill level 5 in Hexes
  6042 | Bailey   | Identified the +7 quarterstaff "Ymoh Eteogo" {freeze, Int+5
                  | Dex+3}
  6049 | Bailey   | Reached XP level 10. HP: 42/63 MP: 20/20
  6665 | D:7      | Found a hide-covered altar of Uskayaw.
  6917 | D:7      | Reached ** piety under Vehumet
  6918 | D:7      | Offered knowledge of Magic Dart by Vehumet.
  7163 | D:7      | Found a bloodstained altar of Trog.
  7391 | D:7      | Found a basalt altar of Yredelemnul.
  7612 | D:8      | Found a staircase to the Lair.
  7743 | D:8      | Offered knowledge of Inner Flame by Vehumet.
  7751 | D:8      | Reached skill level 8 in Spellcasting
  7995 | D:8      | Reached *** piety under Vehumet
  8231 | D:8      | Found a stormy altar of Qazlal.
  8376 | D:9      | Reached XP level 11. HP: 47/68 MP: 18/23
  8638 | D:9      | Found a runed translucent door.
  8642 | D:9      | Noticed DApurpleWHUMPUS's ghost (journeyman HuCj)
  8871 | D:9      | Offered knowledge of Mephitic Cloud by Vehumet.
  8941 | D:9      | Learned a level 3 spell: Mephitic Cloud
  9261 | D:9      | Reached skill level 10 in Alchemy
  9391 | D:9      | Noticed a centaur warrior
  9391 | D:9      | Noticed a centaur warrior
  9392 | D:9      | Found a runed translucent door.
  9394 | D:9      | Noticed a wolf spider
  9394 | D:9      | Identified the ring of Ydoriz {rC+ rN+ EV+5 Str+3 Slay-3}
  9394 | D:9      | Noticed a skeletal warrior
  9394 | D:9      | Noticed a six-headed hydra
  9394 | D:9      | Noticed a centaur warrior
  9472 | D:10     | Entered Level 10 of the Dungeon
  9660 | D:10     | Reached skill level 1 in Air Magic
  9878 | D:10     | Found Fyhykiv's Assorted Antiques.
  9902 | D:10     | Bought an emerald potion for 21 gold pieces
  9902 | D:10     | Bought an inky potion for 21 gold pieces
  9902 | D:10     | Bought a scroll labelled EQAUNU BOYF for 24 gold pieces
 10006 | D:10     | Reached skill level 10 in Earth Magic
 10094 | D:10     | Reached skill level 10 in Hexes
 10318 | D:10     | Reached skill level 9 in Spellcasting
 10339 | D:10     | Reached skill level 1 in Fighting
 10345 | D:10     | Reached **** piety under Vehumet
 10346 | D:10     | Reached skill level 1 in Conjurations
 10480 | D:10     | Learned a level 6 spell: Eringya's Noxious Bog
 10546 | D:11     | Noticed a two-headed ogre
 10650 | D:11     | Killed a two-headed ogre
 10748 | D:11     | Offered knowledge of Lee's Rapid Deconstruction by Vehumet.
 10784 | D:10     | Learned a level 5 spell: Lee's Rapid Deconstruction
 11542 | D:12     | Found Fyin's Antique Weapon Boutique.
 11593 | D:12     | Found a staircase to the Orcish Mines.
 11666 | D:12     | Reached XP level 12. HP: 74/81 MP: 12/25
 11825 | D:12     | Noticed a two-headed ogre
 11852 | D:12     | Killed a two-headed ogre
 11863 | D:12     | Reached skill level 5 in Air Magic
 12162 | D:12     | Reached skill level 10 in Spellcasting
 12776 | D:12     | Noticed a boulder beetle
 12782 | D:12     | Noticed a centaur warrior
 12782 | D:12     | Noticed a boulder beetle
 12956 | Lair:1   | Entered Level 1 of the Lair of Beasts
 13005 | Lair:1   | Reached skill level 1 in Shields
 13428 | Lair:1   | Reached ***** piety under Vehumet
 13491 | Lair:1   | Offered knowledge of Irradiate by Vehumet.
 14602 | Lair:2   | Reached skill level 11 in Spellcasting
 14602 | Lair:2   | Reached XP level 13. HP: 61/88 MP: 6/28
 14817 | Lair:2   | Learned a level 5 spell: Irradiate
 15159 | Lair:2   | Found a hole to the Spider Nest.
 15252 | Lair:2   | Identified the +4 chain mail of Ossoteoxt {rPois Regen+
                  | rCorr Dex-4}
 16700 | Lair:3   | Reached skill level 5 in Conjurations
 16723 | Lair:3   | Found a staircase to the Swamp.
 16760 | Lair:3   | Reached skill level 12 in Spellcasting
 16837 | Lair:3   | Offered knowledge of Fireball by Vehumet.
 17028 | Lair:3   | Identified the +3 broad axe "Qein" {flame, rN+ Will++}
 17648 | Lair:4   | Found a viscous altar of Jiyva.
 17648 | Lair:4   | Found a staircase to the Slime Pits.
 18735 | Lair:5   | Entered Level 5 of the Lair of Beasts
 18769 | Lair:5   | Reached XP level 14. HP: 76/95 MP: 26/30
 18853 | Lair:5   | Noticed Snorg
 18915 | Lair:5   | Killed Snorg
 19163 | Lair:5   | Found a frozen archway.
 19191 | IceCv    | Entered an ice cave
 19229 | IceCv    | Offered knowledge of Orb of Destruction by Vehumet.
 19530 | IceCv    | Reached skill level 13 in Spellcasting
 19691 | IceCv    | Reached skill level 5 in Fighting
 20774 | IceCv    | Found an ancient bone altar of Kikubaaqudgha.
 21444 | Lair:5   | Identified a scroll of acquirement
 21444 | Lair:5   | Acquired a book of the Moon
 22105 | Lair:5   | Offered knowledge of Freezing Cloud by Vehumet.
 22624 | D:12     | Reached XP level 15. HP: 108/108 MP: 24/32
 22963 | D:12     | Identified the +6 scale mail of Veoxky {Regen+}
 23138 | D:12     | Reached skill level 14 in Spellcasting
 23257 | D:12     | Learned a level 2 spell: Blink
 23263 | D:12     | Learned a level 5 spell: Freezing Cloud
 23352 | Orc:1    | Entered Level 1 of the Orcish Mines
 23608 | Orc:1    | Found Retuol's Magic Scroll Shop.
 23616 | Orc:1    | Bought a scroll of teleportation for 42 gold pieces
 23616 | Orc:1    | Bought a scroll of teleportation for 42 gold pieces
 23616 | Orc:1    | Bought a scroll of vulnerability for 56 gold pieces
 23653 | Orc:1    | Reached skill level 1 in Ice Magic
 23670 | Orc:1    | Reached skill level 1 in Translocations
 24188 | Orc:2    | Entered Level 2 of the Orcish Mines
 24205 | Orc:2    | Found Pijafoown's Antique Armour Boutique.
 24427 | Orc:2    | Noticed Sonja
 24434 | Orc:2    | Killed Sonja
 24623 | Orc:2    | Noticed Erolcha
 24653 | Orc:2    | Killed Erolcha
 24714 | Orc:2    | Reached ****** piety under Vehumet
 24874 | Orc:2    | Noticed Urug
 24887 | Orc:2    | Killed Urug
 24912 | Orc:2    | Offered knowledge of Spellforged Servitor by Vehumet.
 24943 | Orc:2    | Identified the +0 hat of Wu Jian's Wrath {rF- rN+ Dex+2}
 25269 | Orc:2    | Found Ditajolo's Assorted Antiques.
 25270 | Orc:2    | Found Asenn's Weapon Boutique.
 25286 | Orc:2    | Bought a scroll of fog for 116 gold pieces
 25286 | Orc:2    | Bought a potion of curing for 87 gold pieces
 25458 | Orc:2    | Found Logriaz's General Store.
 25503 | Orc:2    | Bought a potion of haste for 120 gold pieces
 25503 | Orc:2    | Bought a scroll of teleportation for 36 gold pieces
 25503 | Orc:2    | Bought a wand of digging (4) for 201 gold pieces
 25515 | Orc:2    | Found a staircase to the Elven Halls.
 26037 | D:13     | Found a runed translucent door.
 26038 | D:13     | Found a shimmering altar of Xom.
 26038 | D:13     | Noticed Qaumasil's ghost (journeyman MiFi)
 26692 | D:13     | Found a hazy altar of Hepliaklqana.
 26710 | D:13     | Reached skill level 5 in Ice Magic
 27098 | D:13     | Reached skill level 15 in Spellcasting
 27199 | D:13     | Reached XP level 16. HP: 107/115 MP: 20/35
 27456 | D:13     | Noticed a sphinx
 27460 | D:13     | Identified the +5 executioner's axe "Pacvyps" {heavy,
                  | Str+4}
 27466 | D:13     | Killed a sphinx
 27467 | D:13     | Noticed a shadow dragon
 27467 | D:13     | Noticed a tengu reaver
 27668 | D:13     | Killed a shadow dragon
 27804 | D:13     | Killed a tengu reaver
 28375 | D:14     | Found a gate leading to a gauntlet.
 28382 | Gauntlet | Entered a Gauntlet
 28382 | Gauntlet | Found a transporter.
 28385 | Gauntlet | Found a transporter.
 28387 | Gauntlet | Found a transporter.
 28400 | Gauntlet | Found a runed translucent gate.
 28400 | Gauntlet | Found a runed translucent gate.
 28400 | Gauntlet | Found a runed translucent gate.
 28402 | Gauntlet | Found a transporter.
 28404 | Gauntlet | Found a transporter.
 28414 | Gauntlet | Found a transporter.
 28427 | Gauntlet | Found a runed translucent door.
 28429 | Gauntlet | Found a transporter.
 28431 | Gauntlet | Found a runed translucent door.
 28438 | Gauntlet | Found a runed translucent door.
 28439 | Gauntlet | Found a transporter.
 28440 | Gauntlet | Found a runed translucent door.
 28449 | Gauntlet | Found a transporter.
 28463 | Gauntlet | Found a transporter.
 28474 | Gauntlet | Found a transporter.
 28478 | Gauntlet | Found a transporter.
 28530 | Gauntlet | Found a transporter.
 28582 | Gauntlet | Slain by a torpor snail

Illustrated notes

Levels and vault maps discovered:
D:1:      nicolae_arrival_escape_room, layout_rooms, roderic_lattice_a
D:2:      minmay_diamond_boxcup, layout_loops_corners, basic_altar
D:3:      minmay_skewed_foursquare, layout_rooms, zin_academy,
          shapermc_ecumenical_altar_venn, wad_floor_pattern_2, minivault_4
D:4:      layout_cave_pods, lemuel_coloured_pillars_altar,
          nicolae_tso_swordbearing_angel, hangedman_decor_slide_cut,
          minmay_joined_circles
D:5:      layout_cave_pools, mainiacjoe_overflow_paths,
          minmay_temple_entry_statues_fountains, kennysheep_nondescript
D:6:      layout_loops_ring, uniq_prince_ribbit1
D:7:      layout_basic, mainiacjoe_overflow_alcove_2, kennysheep_mini_moat,
          yredelemnul_forgotten_temple_becter, enter_bailey_5
D:8:      layout_loops_ring, nicolae_qazlal_eye_of_the_storm,
          minmay_lair_entry_grove
D:9:      minmay_gate_of_8, layout_loops_ring, ebering_ghost_reflecting_pool,
          chequers_avenue
D:10:     layout_gridville, serial_shops, nicolae_shop_stone, serial_undead,
          serial_undead_e, serial_undead_a, serial_undead_a, serial_undead_a,
          serial_undead_a, serial_undead_f
D:11:     lemuel_ice_statue, layout_loops_ring
D:12:     kennysheep_windowed_halls, layout_stronghold, serial_shops,
          nicolae_shop_hallway_stairs, grunt_potential
D:13:     kennysheep_snake, layout_grid_maze, ebering_ghost_xom,
          minmay_misc_feat_room, nzn_hepliaklqana_mist_gate
D:14:     layout_gridville, skrybe_vaults_entry_preservation, chequers_jeans,
          gauntlet_entry_generic
Temple:   nicolae_temple_ecumenical_triangle
Lair:1:   layout_regular_city, grunt_forest_small_clearings,
          nicolae_quartered_pool_impasse, beast_lair_carwin_8
Lair:2:   layout_layer_cave, hellmonk_spider_entry_not_the_bees, serial_bayou,
          serial_bayou_shore_b, serial_bayou_pond_c, serial_bayou_pond_d,
          serial_bayou_lagoon_b
Lair:3:   layout_small_grid, mainiacjoe_swamp_entry_lozenge_pond,
          serial_bayou_shore_b, grunt_megastairs_1
Lair:4:   layout_cave_pods, dpeg_slime_entry_enclosed
Lair:5:   hangedman_lair_in_review, layout_loops_ring,
          portal_ice_cave_entry_pillars_2, uniq_snorg
Orc:1:    layout_caves, serial_shops, nicolae_shop_advertising_works
          [nicolae_subvault_shop_adworks]
Orc:2:    st_orc_town, layout_caves, serial_shops,
          nicolae_shop_tiny_statue_garden, basic_altar, hangedman_minor_magic,
          uniq_sonja, uniq_erolcha, uniq_urug
Gauntlet: minmay_gauntlet_77_tree [minmay_gauntlet_arena_77_hold_the_fort,
          minmay_gauntlet_arena_77_run_for_it,
          minmay_gauntlet_arena_77_block_sizes,
          minmay_gauntlet_arena_77_tiled_triplets,
          minmay_gauntlet_arena_77_shame_cube, minmay_gauntlet_arena_77_cramped,
          minmay_gauntlet_arena_77_two_paths, dreamdust_gauntlet_exit_labyrinth]

Skill      XL: |  1  2  3  4  5  6  7  8  9 10 11 12 13 14 15 16 |
---------------+-------------------------------------------------+-----
Short Blades   | 1 |  1.0
Alchemy        | 2 3 4 5 7 8 9 10 11 13 14 | 14.0
Stealth        | 4 5 6 7 |  7.0
Earth Magic    | 4 5 7 8 9 10 11 | 11.3
Spellcasting   | 3 4 6 7 8 9 11 12 13 15 | 15.2
Hexes          | 5 8 10 | 10.0
Air Magic      | 4 6 7 8 |  8.0
Fighting       | 3 4 7 |  7.6
Conjurations   | 2 4 5 6 |  6.2
Shields        | 3 4 |  4.1
Ice Magic      | 5 6 |  6.6
Translocations | 3 |  3.5
Dodging        | |  2.1

Action                     |  1- 3 |  4- 6 |  7- 9 | 10-12 | 13-15 | 16-18 || total
---------------------------+-------+-------+-------+-------+-------+-------++-------
  Melee: Dagger            |    89 |       |     1 |   176 |   558 |    75 ||   899
         Bite              |     6 |     7 |     8 |    35 |   122 |    28 ||   206
         Punch             |     2 |     1 |       |     1 |       |       ||     4
         Staff             |    23 |    64 |    65 |    26 |    11 |     1 ||   190
   Cast: Sandblast         |    33 |    54 |   105 |   202 |   348 |    16 ||   758
         Stone Arrow       |       |       |     6 |     1 |       |       ||     7
         Passwall          |       |       |     1 |    31 |     7 |       ||    39
         Brom's Barrelling |       |       |     2 |       |     5 |       ||     7
         Petrify           |       |       |       |    74 |   103 |    23 ||   200
         Sigil of Binding  |       |       |       |     4 |     4 |       ||     8
         Lee's Rapid Decon |       |       |       |    31 |    90 |       ||   121
         Eringya's Noxious |       |       |       |     1 |    48 |     1 ||    50
         Irradiate         |       |       |       |       |    35 |     7 ||    42
         Mephitic Cloud    |       |       |       |       |     6 |     1 ||     7
         Freezing Cloud    |       |       |       |       |     6 |       ||     6
  Evoke: Wand              |       |       |     6 |     5 |    25 |       ||    36
    Use: Scroll            |       |       |     6 |    18 |    11 |     2 ||    37
         Potion            |       |       |     3 |     4 |       |     1 ||     8
   Stab: Sleeping          |     2 |     4 |     1 |    29 |    13 |       ||    49
         Petrified         |       |       |       |   104 |   184 |    37 ||   325
         Petrifying        |       |       |       |     2 |    18 |     5 ||    25
         Distracted        |       |       |       |     1 |     1 |       ||     2
         Confused          |       |       |       |       |     4 |       ||     4
 Armour: Robe              |    59 |    46 |    43 |       |   425 |   102 ||   675
         Steam dragon scal |       |       |    33 |   337 |   195 |       ||   565
  Dodge: Dodged            |    93 |    61 |    79 |   342 |   482 |    56 ||  1113
  Block: Buckler           |       |       |       |       |   278 |    28 ||   306

Table legend: (Time is in decaauts)
 A = Elapsed time spent in this place.
 B = Non-inter-level travel time spent in this place.
 C = Inter-level travel time spent in this place.
 D = Time resting spent in this place.
 E = Time spent auto-exploring this place.
 F = Levels seen in this place.
 G = Mean time per level.
                   A        B        C        D        E       F      G
               +--------+--------+--------+--------+--------+-----+--------+
         Total |  29095 |  27908 |   1187 |   6496 |  12975 |  25 | 1163.8 |
       Dungeon |  16520 |  15717 |    803 |   2893 |   7912 |  14 | 1180.0 |
        Temple |     22 |     11 |     11 |      0 |      0 |   1 |   22.0 |
          Lair |   7907 |   7588 |    319 |   2104 |   3751 |   5 | 1581.4 |
  Orcish Mines |   2355 |   2301 |     54 |    439 |    959 |   2 | 1177.5 |
        Bailey |    238 |    238 |      0 |     50 |      0 |   1 |  238.0 |
      Ice Cave |   1839 |   1839 |      0 |   1005 |    352 |   1 | 1839.0 |
      Gauntlet |    211 |    211 |      0 |      4 |      0 |   1 |  211.0 |
               +--------+--------+--------+--------+--------+-----+--------+

Top non-repeatable levels by time:
    D:13: 2503 daAuts
    D:12: 2204 daAuts
  Lair:5: 1932 daAuts
   IceCv: 1839 daAuts
  Lair:2: 1751 daAuts
  Lair:1: 1623 daAuts
  Lair:3: 1453 daAuts
     D:7: 1420 daAuts
   Orc:2: 1396 daAuts
     D:4: 1339 daAuts
     D:2: 1220 daAuts
     D:9: 1169 daAuts
     D:8: 1166 daAuts
  Lair:4: 1146 daAuts
    D:10: 1096 daAuts
